 Dungeon Crawl Stone Soup version 0.31-a0-182-gc5ef74bbde (webtiles) character file.

Game seed: 9764068272202286635

6858 qw the Cleaver (level 11, -3/69 HPs)
             Began as a Gargoyle Fighter on June 20, 2023.
             Was a Priest of Okawaru.
             Slain by an efreet
             ... wielding a +3 scimitar of flaming
              (11 damage)
             ... on level 10 of the Dungeon.
             The game lasted 00:04:47 (9395 turns).

qw the Cleaver (Gargoyle Fighter)                   Turns: 9395, Time: 00:04:48

Health: -3/69      AC: 26    Str: 23    XL:     11   Next: 6%
Magic:  14/16      EV: 14    Int: 10    God:    Okawaru [***...]
Gold:   552        SH: 12    Dex:  9    Spells: 10/10 levels left

rFire   . . .        c - +1 broad axe (chaos)
rCold   . . .        v - +0 kite shield
rNeg    + . .        o - +0 chain mail
rPois   inf          n - +1 helmet
rElec   +            (no cloak)
rCorr   .            t - +1 pair of gloves
SInv    .            (no boots)
Will    .....        k - amulet of faith Stlth
                     q - +4 ring of slaying {mikee}
HPRegen 0.31/turn    m - +5 ring of evasion
MPRegen 0.15/turn

%: faith
@: about to teleport, heroic
A: sickness immunity, AC +8, negative energy resistance 1, electricity
resistance, torment resistance 1, petrification resistance, iridescent scales 1,
high MP 1
a: Renounce Religion, Heroism


You were on level 10 of the Dungeon.
You worshipped Okawaru.
Okawaru was most pleased with you.
You visited 1 branch of the dungeon, and saw 10 of its levels.

You collected 580 gold pieces.
You spent 28 gold pieces at shops.


Innate Abilities, Weirdness & Mutations

You are immune to sickness and miasma.
Your stone body is resilient. (AC +8)
You are immune to poison.
You resist negative energy. (rN+)
You are resistant to electric shocks. (rElec)
You are resistant to unholy torment.
You are immune to petrification.
You are partially covered in iridescent scales. (AC +2)
You have an increased reservoir of magic. (+10% MP)


   Skills:
 - Level 8.5(13.5) Fighting
 + Level 10.2(15.2) Axes
 - Level 1.2(6.2) Throwing
 - Level 5.1(10.1) Armour
 - Level 1.0(6.0) Dodging
 - Level 9.3(14.3) Shields
 - Level 5.0 Invocations


You had 10 spell levels left.
You didn't know any spells.
Your spell library was empty.

Inventory:

Hand Weapons
 c - a +1 broad axe of chaos (weapon)
 f - a +0 hand axe
 u - a +1 flail of venom
Missiles
 p - 20 boomerangs (quivered)
Armour
 n - a +1 helmet (worn)
 o - a +0 chain mail (worn)
 t - a +1 pair of gloves (worn)
 v - a +0 kite shield (worn)
 x - a +0 plate armour
 y - a scarf of repulsion
Jewellery
 k - an amulet of faith (around neck)
 m - a +5 ring of evasion (right hand)
 q - a +4 ring of slaying (left hand) {mikee}
 r - a ring of protection from fire
Scrolls
 l - 2 scrolls of identify
 s - a scroll of teleportation
Potions
 a - 2 potions of lignification
 b - a potion of magic {unknown}
 d - 3 potions of might
 e - 2 potions of haste
 g - 3 potions of attraction
 i - 2 potions of mutation
 j - 3 potions of curing
 w - a potion of enlightenment {unknown}
 z - a potion of cancellation {unknown}
 A - 2 potions of degeneration {unknown}

Dungeon Overview and Level Annotations

Branches:
Dungeon (10/15)            Temple (0/1) D:6
   Lair: D:8-11         Orc: D:9-12

Altars:
Ashenzari
Cheibriados
Dithmenos
Fedhas
Okawaru
Qazlal
Ru
Uskayaw
Vehumet

Shops:
D:3 ?

Annotations:
D:3 1 runed translucent door, qw's ghost, amateur NaHu


Message History

Enter note:
Enter note:
Enter note:
Enter note:
Enter note:
Enter note:
Enter note:
Enter note:
Enter note:
Enter note:
Enter note:
Enter note:
Enter note: You slash the efreet!
The efreet is moderately wounded.
You feel like a meek peon again. The efreet gestures at you.
The fireball explodes!
The fireball engulfs you!
The fireball engulfs the efreet.
The efreet completely resists.
You hear an angry hiss.
9392 ||| READING 2 scrolls of teleportation.
As you read the scroll of teleportation, it crumbles to dust.
You feel strangely unstable.
The efreet hits you with a +3 scimitar of flaming!
The efreet burns you.
9393 ||| DRINKING potion of heal wounds.
You feel much better. The efreet gestures at you. The bolt of fire misses you.
9394 ||| INVOKING Heroism.
You gain the combat prowess of a mighty hero.
You can no longer speed up your combat.
The efreet gestures at you.
The fireball explodes!
The fireball engulfs you!!
The fireball engulfs the efreet.
The efreet completely resists.
You slash the efreet!
The efreet convulses.
The efreet is severely wounded.
You are engulfed in a cloud of scalding steam.
The efreet hits you with a +3 scimitar of flaming!
You die...

..~~~~~~..##
#~~~....####.....
.P~~~~~~..
#~~~.............
...~~~~~..
##~~~.............
...~~~~. ..
##~~~~.............
...###~~~~..............
.~~~~~~~~..........~~~~~
~~~~~~~¤...........~####
~~~~~¤~¤..........~~#...
~~~~~~R@....8......~#...
~~~~~....##...##...~#...
~~~~.....##...# ...~#...
~~~~.......).......~###.
~~~~....8..._...8.....#.
~~~................~..#.
~~~......##...##.. #.
~~~......# ...##..~ #.
....~ #.


You could see an efreet.

Vanquished Creatures
  A two-headed ogre (D:10)
  A gargoyle (D:10)
  A merfolk (D:10)
  2 trolls (D:10)
  A shadow (D:10)
  2 hogs (D:10)
  8 yaks (D:9)
  A wyvern (D:7)
  3 steam dragons
  An ice beast (D:7)
  2 orc warriors
  3 centaurs
  4 kobold brigands
  4 bullfrogs
  A scorpion (D:7)
  3 gnoll sergeants
  5 wights (D:8)
  5 electric eels (D:10)
  12 orc priests
  5 hounds
  Jessica (D:2)
  3 gnoll boudas (D:10)
  2 iguanas
  10 orc wizards
  12 gnolls
  10 adders
  A shadow imp (D:8)
  4 white imps
  An ufetubus (D:4)
  4 worms
  7 dart slugs
  27 orcs
  8 bats
  9 endoplasms
  3 giant cockroaches (D:3)
  10 goblins
  6 hobgoblins
  13 jackals
  5 quokkas
  5 ball pythons
  6 frilled lizards
  16 kobolds
  5 rats
233 creatures vanquished.

Vanquished Creatures (others)
  A wyvern (D:10)
1 creature vanquished.

Grand Total: 234 creatures vanquished

Notes
Turn   | Place    | Note
-------+----------+-------------------------------------------
     0 | D:1      | qw the Gargoyle Fighter began the quest for the Orb.
     0 | D:1      | Reached XP level 1. HP: 14/14 MP: 1/1
     0 | D:1      | 0 ||| qw: Version: 0.3-a-9-g12657ce
     0 | D:1      | 0 ||| qw: Game counter: 1253
     0 | D:1      | 0 ||| qw: Always use a shield: true
     0 | D:1      | 0 ||| qw: God list: Okawaru
     0 | D:1      | 0 ||| qw: Allow faded altars: false
     0 | D:1      | 0 ||| qw: Do Orc after D:15 true
     0 | D:1      | 0 ||| qw: Do second Lair branch before Depths: true
     0 | D:1      | 0 ||| qw: Lair rune preference: random
     0 | D:1      | 0 ||| qw: Plans: Normal, Zot:1-4, Slime:5, God:TSO, Crypt,
                  | Tomb, Abyss, Pan, Hells, Win
     0 | D:1      | 0 ||| PLANNING D:1-11
    35 | D:1      | Reached skill level 2 in Axes
    55 | D:1      | 55 ||| Stepping ~*~*~tactically~*~*~ (stealth).
    57 | D:1      | 57 ||| Stepping ~*~*~tactically~*~*~ (stealth).
   101 | D:1      | Reached XP level 2. HP: 19/19 MP: 2/2
   107 | D:1      | 107 ||| Stepping ~*~*~tactically~*~*~ (stealth).
   369 | D:1      | Reached skill level 3 in Axes
   374 | D:1      | Reached XP level 3. HP: 21/23 MP: 3/3
   399 | D:1      | 399 ||| DROPPING +0 club.
   474 | D:1      | 474 ||| Stepping ~*~*~tactically~*~*~ (water).
   606 | D:1      | 606 ||| Stepping ~*~*~tactically~*~*~ (stealth).
   656 | D:1      | 656 ||| DROPPING +0 whip.
   785 | D:1      | 785 ||| DROPPING ring of flight.
   786 | D:1      | 786 ||| UPGRADING to +6 ring of dexterity.
   787 | D:1      | 787 ||| READING scroll labelled POORGH FIUHORAE.
   788 | D:1      | 788 ||| READING 3 scrolls labelled RUEMPAOCKY.
   789 | D:1      | 789 ||| READING scroll labelled KOCIEFF TUAD.
   790 | D:1      | 790 ||| READING 3 scrolls labelled GAATILL CAUSAE.
   791 | D:1      | 791 ||| READING scroll labelled VAAZEMPIK.
   792 | D:1      | 792 ||| DROPPING 2 scrolls of fog.
   793 | D:1      | 793 ||| DROPPING 2 scrolls of fear.
   976 | D:2      | Reached skill level 1 in Dodging
  1088 | D:2      | 1088 ||| Stepping ~*~*~tactically~*~*~ (hiding).
  1089 | D:2      | 1089 ||| Stepping ~*~*~tactically~*~*~ (hiding).
  1094 | D:2      | Reached XP level 4. HP: 28/28 MP: 4/4
  1216 | D:2      | Noticed Jessica
  1217 | D:2      | 1217 ||| Stepping ~*~*~tactically~*~*~ (hiding).
  1218 | D:2      | 1218 ||| Stepping ~*~*~tactically~*~*~ (hiding).
  1227 | D:2      | Killed Jessica
  1304 | D:2      | 1304 ||| Stepping ~*~*~tactically~*~*~ (hiding).
  1306 | D:2      | 1306 ||| Stepping ~*~*~tactically~*~*~ (hiding).
  1330 | D:2      | 1330 ||| Stepping ~*~*~tactically~*~*~ (stealth).
  1332 | D:2      | 1332 ||| Stepping ~*~*~tactically~*~*~ (hiding).
  1340 | D:2      | Reached skill level 4 in Axes
  1857 | D:2      | 1857 ||| READING scroll labelled IPNOAN CUIJ.
  1858 | D:2      | 1858 ||| DRINKING 2 emerald potions.
  1858 | D:2      | Gained mutation: You have an increased reservoir of magic.
                  | (+10% MP) [potion of mutation]
  1858 | D:2      | Gained mutation: You are partially covered in iridescent
                  | scales. (AC +2) [potion of mutation]
  1866 | D:3      | Found an iron altar of Okawaru.
  1867 | D:3      | 1867 ||| PLANNING OKAWARU WORSHIP
  1867 | D:3      | 1867 ||| STAIRDANCE
  1877 | D:3      | Became a worshipper of Warmaster Okawaru
  1878 | D:3      | 1878 ||| PLANNING D:1-11
  1898 | D:3      | Reached XP level 5. HP: 32/32 MP: 5/5
  1898 | D:3      | 1898 ||| Stepping ~*~*~tactically~*~*~ (stealth).
  1936 | D:3      | Found Ifodduw's Magic Scroll Boutique.
  1945 | D:3      | 1945 ||| SHOPLISTING scroll of enchant armour (105 gold,
                  | have 52).
  1945 | D:3      | 1945 ||| SHOPLISTING scroll of enchant weapon (105 gold,
                  | have 52).
  1945 | D:3      | 1945 ||| BUYING scroll of identify (28 gold).
  1945 | D:3      | Bought a scroll of identify for 28 gold pieces
  1945 | D:3      | 1945 ||| SHOPLISTING scroll of identify (28 gold, have 24).
  1945 | D:3      | 1945 ||| SHOPLISTING scroll of teleportation (42 gold, have
                  | 24).
  1962 | D:3      | Noticed qw's ghost (amateur NaHu)
  1963 | D:3      | Found a runed translucent door.
  1969 | D:3      | 1969 ||| Stepping ~*~*~tactically~*~*~ (hiding).
  1970 | D:3      | 1970 ||| Stepping ~*~*~tactically~*~*~ (hiding).
  1981 | D:3      | 1981 ||| Stepping ~*~*~tactically~*~*~ (stealth).
  1984 | D:3      | 1984 ||| Stepping ~*~*~tactically~*~*~ (stealth).
  2108 | D:3      | Found a shadowy altar of Dithmenos.
  2697 | D:3      | 2697 ||| UPGRADING to +0 chain mail.
  2707 | D:3      | 2707 ||| DROPPING +0 scale mail.
  2708 | D:3      | 2708 ||| READING 2 scrolls labelled DOUSOU EGIAC.
  2709 | D:3      | 2709 ||| READING 2 scrolls labelled OLLU SYSTUKOI.
  2748 | D:3      | 2748 ||| READING scroll labelled XACAMU PAOWA.
  2749 | D:3      | 2749 ||| DROPPING +0 mace.
  2750 | D:3      | 2750 ||| READING scroll labelled YRCHU MUWKIYSHRU.
  2751 | D:3      | 2751 ||| DRINKING 2 lumpy emerald potions.
  2752 | D:3      | 2752 ||| DRINKING 2 dark potions.
  2753 | D:3      | 2753 ||| DROPPING scroll of immolation.
  2801 | D:4      | Reached skill level 5 in Axes
  2887 | D:4      | 2887 ||| Stepping ~*~*~tactically~*~*~ (hiding).
  2899 | D:4      | Reached XP level 6. HP: 34/38 MP: 6/6
  3190 | D:4      | 3190 ||| Stepping ~*~*~tactically~*~*~ (stealth).
  3191 | D:4      | 3191 ||| Stepping ~*~*~tactically~*~*~ (stealth).
  3206 | D:4      | 3206 ||| FLEEEEING.
  3215 | D:4      | 3215 ||| STAIRDANCE
  3351 | D:4      | 3351 ||| Stepping randomly (stuck).
  3365 | D:5      | Entered Level 5 of the Dungeon
  3371 | D:5      | 3371 ||| STAIRDANCE
  3404 | D:5      | 3404 ||| STAIRDANCE
  3554 | D:5      | Reached skill level 6 in Axes
  3557 | D:5      | Reached XP level 7. HP: 29/43 MP: 7/7
  3558 | D:5      | Reached * piety under Okawaru
  3637 | D:5      | 3637 ||| READING scroll labelled RYQOYC QULA.
  3638 | D:5      | 3638 ||| FLEEEEING.
  3639 | D:5      | 3639 ||| FLEEEEING.
  3640 | D:5      | 3640 ||| FLEEEEING.
  3641 | D:5      | 3641 ||| FLEEEEING.
  3642 | D:5      | 3642 ||| FLEEEEING.
  3648 | D:5      | 3648 ||| FLEEEEING.
  3649 | D:5      | 3649 ||| FLEEEEING.
  3650 | D:5      | 3650 ||| FLEEEEING.
  3651 | D:5      | 3651 ||| FLEEEEING.
  3652 | D:5      | 3652 ||| FLEEEEING.
  3653 | D:5      | 3653 ||| FLEEEEING.
  3654 | D:5      | 3654 ||| FLEEEEING.
  3655 | D:5      | 3655 ||| FLEEEEING.
  3656 | D:5      | 3656 ||| FLEEEEING.
  3657 | D:5      | 3657 ||| FLEEEEING.
  3658 | D:5      | 3658 ||| FLEEEEING.
  3659 | D:5      | 3659 ||| FLEEEEING.
  3660 | D:5      | 3660 ||| FLEEEEING.
  3661 | D:5      | 3661 ||| FLEEEEING.
  3662 | D:5      | 3662 ||| FLEEEEING.
  3663 | D:5      | 3663 ||| FLEEEEING.
  3664 | D:5      | 3664 ||| FLEEEEING.
  3665 | D:5      | 3665 ||| FLEEEEING.
  3666 | D:5      | 3666 ||| FLEEEEING.
  3667 | D:5      | 3667 ||| Stepping ~*~*~tactically~*~*~ (hiding).
  3668 | D:5      | 3668 ||| FLEEEEING.
  3670 | D:5      | 3670 ||| FLEEEEING.
  3677 | D:5      | 3677 ||| FLEEEEING.
  3680 | D:5      | 3680 ||| STAIRDANCE
  3684 | D:5      | 3684 ||| STAIRDANCE
  3688 | D:5      | 3688 ||| STAIRDANCE
  3692 | D:5      | 3692 ||| STAIRDANCE
  3735 | D:5      | 3735 ||| STAIRDANCE
  3739 | D:5      | 3739 ||| STAIRDANCE
  3743 | D:5      | 3743 ||| STAIRDANCE
  3747 | D:5      | 3747 ||| STAIRDANCE
  3751 | D:5      | 3751 ||| STAIRDANCE
  3755 | D:5      | 3755 ||| STAIRDANCE
  3814 | D:5      | 3814 ||| STAIRDANCE
  3818 | D:5      | 3818 ||| STAIRDANCE
  3822 | D:5      | 3822 ||| STAIRDANCE
  3826 | D:5      | 3826 ||| STAIRDANCE
  3848 | D:5      | 3848 ||| STAIRDANCE
  3869 | D:5      | 3869 ||| STAIRDANCE
  3873 | D:5      | 3873 ||| STAIRDANCE
  3877 | D:5      | 3877 ||| STAIRDANCE
  3929 | D:5      | 3929 ||| Stepping ~*~*~tactically~*~*~ (hiding).
  3930 | D:5      | 3930 ||| INVOKING Heroism.
  3931 | D:5      | 3931 ||| INVOKING Heroism.
  3957 | D:5      | 3957 ||| FLEEEEING.
  3958 | D:5      | 3958 ||| FLEEEEING.
  3959 | D:5      | 3959 ||| FLEEEEING.
  3960 | D:5      | 3960 ||| FLEEEEING.
  3964 | D:5      | 3964 ||| FLEEEEING.
  3983 | D:5      | 3983 ||| FLEEEEING.
  3984 | D:5      | 3984 ||| FLEEEEING.
  3985 | D:5      | 3985 ||| FLEEEEING.
  3986 | D:5      | 3986 ||| FLEEEEING.
  3987 | D:5      | 3987 ||| FLEEEEING.
  3988 | D:5      | 3988 ||| FLEEEEING.
  3989 | D:5      | 3989 ||| FLEEEEING.
  3990 | D:5      | 3990 ||| FLEEEEING.
  3991 | D:5      | 3991 ||| FLEEEEING.
  4034 | D:5      | 4034 ||| FLEEEEING.
  4035 | D:5      | 4035 ||| FLEEEEING.
  4051 | D:5      | 4051 ||| Stepping ~*~*~tactically~*~*~ (stealth).
  4052 | D:5      | 4052 ||| Stepping ~*~*~tactically~*~*~ (stealth).
  4161 | D:4      | 4161 ||| Stepping ~*~*~tactically~*~*~ (stealth).
  4552 | D:5      | Noticed a steam dragon
  4554 | D:5      | Noticed a steam dragon
  4557 | D:5      | HP: 10/43 [steam dragon (3)]
  4558 | D:5      | 4558 ||| READING scroll of teleportation.
  4559 | D:5      | 4559 ||| DRINKING 2 potions of heal wounds.
  4617 | D:5      | Found a snail-covered altar of Cheibriados.
  4618 | D:5      | 4618 ||| UPGRADING to +0 helmet.
  4636 | D:5      | Found a hide-covered altar of Uskayaw.
  4695 | D:5      | Found a sacrificial altar of Ru.
  4792 | D:5      | Found a blossoming altar of Fedhas.
  4865 | D:5      | 4865 ||| READING scroll of enchant armour.
  4865 | D:5      | 4865 ||| ENCHANTING +0 helmet.
  4956 | D:5      | 4956 ||| UPGRADING to +5 ring of evasion.
  4957 | D:5      | 4957 ||| UPGRADING to +4 ring of slaying {mikee}.
  4959 | D:5      | 4959 ||| DROPPING +6 ring of dexterity.
  5074 | D:6      | Reached skill level 7 in Axes
  5187 | D:6      | Noticed a steam dragon
  5189 | D:6      | 5189 ||| Stepping ~*~*~tactically~*~*~ (cloud).
  5197 | D:6      | Killed a steam dragon
  5355 | D:6      | Found the +6 shillelagh "Devastator" {shatter}
  5456 | D:6      | Found a stormy altar of Qazlal.
  5485 | D:6      | Found a staircase to the Ecumenical Temple.
  5592 | D:6      | 5592 ||| READING scroll of brand weapon.
  5592 | D:6      | 5592 ||| BRANDING +0 war axe of flaming.
  5696 | D:6      | 5696 ||| Stepping ~*~*~tactically~*~*~ (stealth).
  5697 | D:6      | 5697 ||| DROPPING +6 shillelagh "Devastator" {shatter}.
  5976 | D:6      | 5976 ||| DROPPING +4 ring of protection.
  5977 | D:6      | 5977 ||| DROPPING ring of magical power.
  5978 | D:6      | 5978 ||| READING scroll labelled RODISU XAO.
  6079 | D:6      | 6079 ||| READING scroll labelled QAPANIRUST.
  6080 | D:6      | 6080 ||| READING scroll labelled FITEBR CERAFUX.
  6081 | D:6      | 6081 ||| DRINKING 2 red potions.
  6102 | D:7      | 6102 ||| INVOKING Heroism.
  6108 | D:7      | Reached skill level 1 in Throwing
  6108 | D:7      | Reached XP level 8. HP: 49/49 MP: 6/9
  6110 | D:7      | 6110 ||| DRINKING 2 potions of curing.
  6110 | D:7      | 6110 ||| (to cure confusion)
  6133 | D:7      | 6133 ||| Stepping ~*~*~tactically~*~*~ (stealth).
  6137 | D:7      | Reached skill level 1 in Invocations
  6159 | D:7      | 6159 ||| INVOKING Heroism.
  6166 | D:7      | Reached skill level 3 in Invocations
  6204 | D:7      | Noticed a wyvern
  6211 | D:7      | Killed a wyvern
  6212 | D:7      | Reached skill level 8 in Axes
  6569 | D:7      | 6569 ||| UPGRADING to +1 pair of gloves.
  6574 | D:7      | 6574 ||| DRINKING 2 clear potions.
  6575 | D:7      | 6575 ||| DRINKING 2 puce potions.
  6576 | D:7      | 6576 ||| READING 2 scrolls of identify.
  6576 | D:7      | 6576 ||| IDENTIFYING glowing grey potion
  6577 | D:7      | 6577 ||| DROPPING potion of invisibility.
  6625 | D:8      | 6625 ||| Stepping ~*~*~tactically~*~*~ (stealth).
  6628 | D:8      | 6628 ||| Stepping ~*~*~tactically~*~*~ (stealth).
  6653 | D:8      | 6653 ||| Stepping ~*~*~tactically~*~*~ (hiding).
  6654 | D:8      | 6654 ||| Stepping ~*~*~tactically~*~*~ (hiding).
  6700 | D:8      | 6700 ||| Stepping ~*~*~tactically~*~*~ (hiding).
  6864 | D:8      | Found a radiant altar of Vehumet.
  6885 | D:8      | 6885 ||| Stepping ~*~*~tactically~*~*~ (stealth).
  6887 | D:8      | 6887 ||| Stepping ~*~*~tactically~*~*~ (hiding).
  7143 | D:8      | Reached skill level 6 in Fighting
  7143 | D:8      | Reached XP level 9. HP: 41/55 MP: 13/13
  7145 | D:8      | 7145 ||| INVOKING Heroism.
  7259 | D:8      | 7259 ||| Stepping ~*~*~tactically~*~*~ (hiding).
  7265 | D:8      | Reached ** piety under Okawaru
  7670 | D:8      | 7670 ||| UPGRADING to +0 kite shield.
  7680 | D:8      | 7680 ||| DROPPING +0 buckler.
  7681 | D:8      | 7681 ||| READING scroll labelled ATIXZOG UTHA.
  7681 | D:8      | Identified a scroll of acquirement
  7681 | D:8      | 7681 ||| ACQUIRING +1 heavy broad axe
  7681 | D:8      | Acquired a +1 heavy broad axe
  7683 | D:8      | 7683 ||| SWAPPING to +1 heavy broad axe.
  7684 | D:8      | 7684 ||| DROPPING +0 spectral war axe.
  7685 | D:8      | 7685 ||| READING scroll of brand weapon.
  7685 | D:8      | 7685 ||| BRANDING +1 heavy broad axe.
  7765 | D:9      | 7765 ||| INVOKING Heroism.
  7767 | D:9      | 7767 ||| Stepping ~*~*~tactically~*~*~ (cloud).
  7876 | D:9      | 7876 ||| Stepping ~*~*~tactically~*~*~ (stealth).
  7877 | D:9      | 7877 ||| Stepping ~*~*~tactically~*~*~ (stealth).
  7879 | D:9      | 7879 ||| Stepping ~*~*~tactically~*~*~ (hiding).
  7888 | D:9      | 7888 ||| INVOKING Heroism.
  7901 | D:9      | Reached skill level 6 in Shields
  8046 | D:9      | Found a broken altar of Ashenzari.
  8050 | D:9      | 8050 ||| INVOKING Heroism.
  8070 | D:9      | 8070 ||| Stepping ~*~*~tactically~*~*~ (stealth).
  8072 | D:9      | 8072 ||| Stepping ~*~*~tactically~*~*~ (stealth).
  8074 | D:9      | 8074 ||| Stepping ~*~*~tactically~*~*~ (hiding).
  8076 | D:9      | 8076 ||| Stepping ~*~*~tactically~*~*~ (hiding).
  8120 | D:9      | 8120 ||| Stepping ~*~*~tactically~*~*~ (stealth).
  8123 | D:9      | 8123 ||| INVOKING Heroism.
  8254 | D:9      | Reached XP level 10. HP: 56/60 MP: 14/14
  8257 | D:9      | Reached skill level 9 in Axes
  8559 | D:9      | 8559 ||| UPGRADING to amulet of faith.
  8584 | D:10     | Entered Level 10 of the Dungeon
  8591 | D:10     | Reached *** piety under Okawaru
  8646 | D:10     | 8646 ||| INVOKING Heroism.
  8685 | D:10     | 8685 ||| INVOKING Heroism.
  8714 | D:10     | 8714 ||| DRINKING 4 potions of curing.
  8714 | D:10     | 8714 ||| (to cure confusion)
  8724 | D:10     | 8724 ||| DRINKING 3 potions of curing.
  8724 | D:10     | 8724 ||| (to cure confusion)
  8759 | D:10     | Noticed a gargoyle
  8766 | D:10     | 8766 ||| INVOKING Heroism.
  8773 | D:10     | Killed a gargoyle
  8774 | D:10     | Reached skill level 9 in Shields
  8791 | D:10     | 8791 ||| INVOKING Heroism.
  8794 | D:10     | HP: 10/63 [something (24)]
  8795 | D:10     | 8795 ||| READING 3 scrolls of teleportation.
  8797 | D:10     | 8797 ||| DRINKING 2 potions of heal wounds.
  8905 | D:10     | 8905 ||| INVOKING Heroism.
  8953 | D:10     | 8953 ||| DROPPING +0 flail.
  9000 | D:10     | 9000 ||| Stepping ~*~*~tactically~*~*~ (stealth).
  9001 | D:10     | 9001 ||| Stepping ~*~*~tactically~*~*~ (hiding).
  9003 | D:10     | 9003 ||| INVOKING Heroism.
  9012 | D:10     | 9012 ||| Stepping ~*~*~tactically~*~*~ (water).
  9029 | D:10     | 9029 ||| Stepping ~*~*~tactically~*~*~ (hiding).
  9034 | D:10     | Reached skill level 10 in Axes
  9141 | D:10     | 9141 ||| INVOKING Heroism.
  9198 | D:10     | 9198 ||| INVOKING Heroism.
  9199 | D:10     | Noticed a two-headed ogre
  9205 | D:10     | Killed a two-headed ogre
  9205 | D:10     | Reached **** piety under Okawaru
  9211 | D:10     | Reached XP level 11. HP: 57/69 MP: 13/15
  9271 | D:10     | 9271 ||| INVOKING Heroism.
  9346 | D:10     | Identified the +3 dagger of Bugyr {flame, rF+ rC+ Dex-5
                  | Stlth+}
  9347 | D:10     | 9347 ||| Stepping ~*~*~tactically~*~*~ (hiding).
  9350 | D:10     | 9350 ||| Stepping ~*~*~tactically~*~*~ (hiding).
  9372 | D:10     | Found a broken altar of Ashenzari.
  9375 | D:10     | 9375 ||| INVOKING Heroism.
  9391 | D:10     | HP: 16/69 [efreet/fireball (15)]
  9392 | D:10     | 9392 ||| READING 2 scrolls of teleportation.
  9392 | D:10     | HP: 5/69 [efreet/+3 scimitar of flaming (4)]
  9393 | D:10     | 9393 ||| DRINKING potion of heal wounds.
  9394 | D:10     | 9394 ||| INVOKING Heroism.
  9395 | D:10     | Slain by an efreet

Levels and vault maps discovered:
D:1:      lemuel_arrival_lava_pool, layout_loops_ring,
          chequers_serial_rivers_micro_b, item_on_display_a
D:2:      layout_basic, uniq_jessica
D:3:      layout_rooms, nicolae_dithmenos_shadow_blocks,
          mainiacjoe_overflow_alcove_2, serial_shops, shop,
          hellmonk_ghost_happy_afterlife, serial_aquarium,
          aquarium_bridge_square [aquarium_subvault_window,
          aquarium_subvault_wall, aquarium_subvault_bridge,
          aquarium_subvault_balcony], aquarium_bridge_square
          [aquarium_subvault_window, aquarium_subvault_window,
          aquarium_subvault_bridge, aquarium_subvault_wall],
          aquarium_window_corridor_3, aquarium_window_2, aquarium_window_2,
          aquarium_view_2b, aquarium_balcony_double_2, aquarium_pool_five
D:4:      layout_basic, minivault_27, minivault_11, minmay_diced_spiral
D:5:      kennysheep_steamy, layout_basic, fedhas_altar_fruit_tree,
          hangedman_ru_absence, mainiacjoe_overflow_paths, slow_altar_1
D:6:      layout_basic, lemuel_round_altar, temple_statues
D:7:      layout_rooms
D:8:      layout_loops_ring, vehumet_crystals, serial_demonic, serial_demonic_b,
          serial_demonic_g, serial_demonic_b, serial_demonic_a,
          fungi_pond_lemuel, bh_walls_and_bars
D:9:      layout_basic, ashenzari_altar_1
D:10:     kennysheep_town

Skill      XL: |  1  2  3  4  5  6  7  8  9 10 11 |
---------------+----------------------------------+-----
Axes           | 2 3 4 5 6 7 8 10 | 10.2
Dodging        | 1 |  1.0
Fighting       | 4 5 6 8 |  8.5
Throwing       | 1 |  1.2
Invocations    | 4 5 |  5.0
Armour         | 4 5 |  5.1
Shields        | 8 9 |  9.3

Action                     |  1- 3 |  4- 6 |  7- 9 | 10-12 || total
---------------------------+-------+-------+-------+-------++-------
  Melee: War axe           |   108 |   152 |   159 |       ||   419
         Broad axe         |       |       |    44 |   116 ||   160
  Throw: Boomerang         |       |       |    44 |    10 ||    54
 Invoke: Heroism           |       |       |     8 |    11 ||    19
    Use: Scroll            |     5 |     5 |    10 |     2 ||    22
         Potion            |       |     3 |     5 |     4 ||    12
 Armour: Scale mail        |    60 |    41 |       |       ||   101
         Chain mail        |       |    33 |   101 |    69 ||   203
  Dodge: Dodged            |    49 |    62 |    90 |    62 ||   263
  Block: Buckler           |    29 |    36 |    27 |       ||    92
         Kite shield       |       |       |    27 |    70 ||    97

Table legend:
 A = Non-vault XP
 B = Vault XP
 C = Vault XP percentage of total XP
 D = Non-vault monster count
 E = Vault monster count
 F = Vault count percentage of total count
                 A         B        C        D         E       F
            +---------+---------+-------+---------+---------+-------
      Total |    6172 |    3626 |  37.0 |     203 |      31 |  13.2
            +---------+---------+-------+---------+---------+-------
        D:1 |      52 |       0 |   0.0 |      28 |       0 |   0.0
        D:2 |      71 |      37 |  34.3 |      24 |       1 |   4.0
        D:3 |      72 |       0 |   0.0 |      18 |       0 |   0.0
        D:4 |     292 |      16 |   5.2 |      32 |       4 |  11.1
        D:5 |     300 |       5 |   1.6 |      14 |       1 |   6.7
        D:6 |     330 |       0 |   0.0 |       8 |       0 |   0.0
        D:7 |     616 |     183 |  22.9 |      18 |       1 |   5.3
        D:8 |     708 |      31 |   4.2 |      13 |       3 |  18.8
        D:9 |    2390 |       0 |   0.0 |      22 |       0 |   0.0
       D:10 |    1341 |    3354 |  71.4 |      26 |      21 |  44.7
            +---------+---------+-------+---------+---------+-------
